 Dungeon Crawl Stone Soup version 0.28-a0-811-g00180f5fcc (webtiles) character file.

Game seed: 2423723384268110170

908 BinkBink the Conjurer (level 8, 0/63 HPs)
             Began as a Kobold Conjurer on Nov 8, 2021.
             Was an Initiate of Dithmenos.
             Slain by a sky beast (6 damage)
             ... on level 5 of the Dungeon.
             The game lasted 00:22:25 (7675 turns).

BinkBink the Conjurer (Kobold Conjurer)             Turns: 7675, Time: 00:22:28

Health: 0/63       AC: 24    Str:  3 (5)  XL:     8   Next: 29%
Magic:  11/16      EV:  3    Int: 18 (21) God:    Dithmenos [......]
Gold:   144        SH:  0    Dex: 10 (13) Spells: 15/18 levels left

rFire   . . .      SeeInvis .   b - +11 hand axe of Zealous Defiance {vorpal, rC+ rCorr}
rCold   + . .      Faith    .   (shield restricted)
rNeg    . . .      Spirit   .   (armour currently unavailable)
rPois   +          Reflect  .   (helmet currently unavailable)
rElec   .          Harm     .   (cloak currently unavailable)
rCorr   +          Rampage  .   (gloves currently unavailable)
Will    .....      NoTele   +   (boots currently unavailable)
Stlth   +++.......              (no amulet)
HPRegen 0.20/turn               g - ring of flight
MPRegen 0.15/turn               (no ring)

@: brilliant, tree-form
A: stationary, stasis, torment immunity, boosted hp, small, no large weapons,
nightstalker 3
a: Renounce Religion


You were on level 5 of the Dungeon.
You worshipped Dithmenos.
Dithmenos was noncommittal.
You were a tree.
You visited 2 branches of the dungeon, and saw 6 of its levels.

You collected 144 gold pieces.

Inventory:

Hand Weapons
 b - the +11 hand axe of Zealous Defiance (weapon) {vorpal, rC+ rCorr}
   (You found it on level 4 of the Dungeon)

   It inflicts extra damage upon your enemies.
   rC:        It protects you from cold.
   rCorr:     It protects you from acid and corrosion.
 m - the +4 whip of Bodily Humours {holy, Drain Str+10}
   (You found it on level 5 of the Dungeon)

   It has been blessed by the Shining One to cause great damage to the undead
   and demons.
   Str:       It affects your strength (+10).
   Drain:     It drains your maximum health when unequipped.
Missiles
 o - 2 throwing nets
Armour
 a - a +0 robe (melded)
Jewellery
 g - a ring of flight (left branch)
Scrolls
 c - 7 scrolls of identify {unknown}
 f - a scroll of vulnerability {unknown}
 h - a scroll of enchant armour {unknown}
 p - a scroll of magic mapping {unknown}
 q - a scroll of noise {unknown}
Potions
 d - a potion of brilliance
 i - a potion of magic {unknown}
 j - a potion of ambrosia {unknown}
 k - 2 potions of lignification
 l - a potion of flight {unknown}
 n - a potion of mutation {unknown}


   Skills:
 + Level 0.7 Fighting
 + Level 0.3 Axes
 + Level 3.4 Dodging
 + Level 4.5 Stealth
 + Level 5.8 Spellcasting
 + Level 7.3 Conjurations


You had 15 spell levels left.
You knew the following spells:

 Your Spells              Type           Power      Damage    Failure   Level
a - Magic Dart            Conj           100%       1d8       1%          1
b - Searing Ray           Conj           94%        2d7       1%          2

Your spell library contained the following spells:

 Spells                   Type           Power      Damage    Failure   Level
 Dazzling Flash           Conj/Hex       54%        N/A       9%          3
 Fulminant Prism          Conj/Hex       13%        3d9       26%         4
 Iskenderun's Mystic Bla  Conj/Tloc      27%        2d7       26%         4
 Tukima's Dance           Hex            7%         N/A       36%         3
 Passage of Golubria      Tloc           7%         N/A       77%         4
 Yara's Violent Unravell  Hex/Tmut       3%         3d4       98%         5


Dungeon Overview and Level Annotations

Branches:
Dungeon (5/15)             Temple (1/1) D:5

Altars:
Cheibriados
Dithmenos
Gozag
Hepliaklqana
Kikubaaqudgha
Makhleb
Okawaru
Qazlal
Ru
Sif Muna
Trog
Vehumet
Wu Jian
Xom
Yredelemnul
The Shining One

Shops:
D:2 [

Annotations:
D:3 2 transporters
D:4 Eustachio


Innate Abilities, Weirdness & Mutations

You are a tree.
Your roots penetrate the ground, keeping you stationary.
You cannot be teleported.
You are immune to unholy pain and torment.
Your maximum health is greatly increased.
Your equipment is partially melded.
You are small and have problems with some larger weapons.
You are completely attuned to the shadows.


Message History

You closely miss the ice beast. The ice beast hits you.
The ice beast freezes you. You resist. The sky beast hits you.
The sky beast shocks you.
The sky beast flickers out of sight!
Deactivating autopickup; reactivate with Ctrl-A.
Something hits you. Something shocks you.
* * * LOW HITPOINT WARNING * * *
A sky beast appears from thin air!
Reactivating autopickup.
It was a potion of lignification.
You turn into a tree.
Your +0 robe melds into your body.
Your roots penetrate the ground.
The sky beast hits you but does no damage.
The ice beast hits you but does no damage.
Casting: Searing Ray (safe; 1% risk of failure)
Confirm with . or Enter, or press ? or * to list all spells.
Aiming: Searing Ray (safe; 1% risk of failure)
Press: ? - help, Shift-Dir - straight line, f - ice beast
Aim: an ice beast (81% to hit)
The searing ray misses the ice beast. (Press . to maintain the ray.)
The sky beast hits you but does no damage.
The ice beast hits you but does no damage.
The searing ray hits the ice beast.
The ice beast is lightly wounded.
The sky beast hits you.
* * * LOW HITPOINT WARNING * * *
The sky beast shocks you.
* * * LOW HITPOINT WARNING * * *
The ice beast hits you but does no damage.
It was a potion of brilliance.
You feel clever all of a sudden.
The sky beast hits you but does no damage.
The ice beast hits you but does no damage.
It was a potion of degeneration.
There was something very wrong with that liquid.
You feel weakened.
You feel dopey.
You feel clumsy. The sky beast hits you.
* * * LOW HITPOINT WARNING * * *
The sky beast shocks you.
You die...

######### ## #.......#########.
#.................
#.......≈≈≈≈≈.....
#.....≈≈≈≈≈≈≈≈≈... ####
#...≈≈≈≈≈≈≈≈≈≈≈≈≈. ...##
#..≈≈≈≈≈≈≈≈≈≈≈≈≈≈≈ ....##
#.Y≈≈≈≈≈≈)..≈≈≈≈≈≈ .....#
#♣Y≈≈≈≈≈≈.>....... .....#
#..≈≈≈≈≈≈...≈≈≈≈≈≈ .....####
#...≈≈≈≈≈≈≈≈≈≈≈≈≈. ........#
#.....≈≈≈≈≈≈≈≈≈)..
........########.......≈≈≈≈≈))...
..>..............................
........####......#......#.......
......####################.......
......#..........................


You could see an ice beast and a sky beast.

Vanquished Creatures
  2 black bears (D:5)
  An ogre (D:5)
  The ghost of paps the Sneak, an amateur OpDe of Gozag (D:4)
  A kobold brigand (D:4)
  Blork the orc (D:4)
  A gnoll sergeant (D:5)
  A hound (D:5)
  2 orc priests (D:4)
  2 bullfrog skeletons (D:5)
  A jelly (D:3)
  4 gnolls (D:5)
  A howler monkey skeleton (D:5)
  5 adders (D:2)
  A dart slug (D:4)
  5 orcs
  8 ball pythons
  4 bats
  2 endoplasms
  2 giant cockroaches (D:4)
  6 goblins
  8 hobgoblins
  8 jackals (D:2)
  4 quokkas
  4 frilled lizards (D:1)
  26 kobolds
  5 rats
106 creatures vanquished.

Vanquished Creatures (others)
  55 plants (D:4)
55 creatures vanquished.

Grand Total: 161 creatures vanquished

Notes
Turn   | Place    | Note
-------+----------+-------------------------------------------
     0 | D:1      | BinkBink the Kobold Conjurer began the quest for the Orb.
     0 | D:1      | Reached XP level 1. HP: 10/10 MP: 3/3
   354 | D:1      | Reached XP level 2. HP: 15/15 MP: 1/5
   703 | D:1      | Found a faded altar of an unknown god.
   885 | D:2      | Reached XP level 3. HP: 19/19 MP: 2/6
  1222 | D:2      | Reached XP level 4. HP: 24/24 MP: 1/8
  1331 | D:2      | Reached skill level 5 in Conjurations
  1496 | D:2      | Found Qihaty's Armour Boutique.
  2776 | D:3      | Found a transporter.
  3418 | D:3      | Reached XP level 5. HP: 28/28 MP: 7/9
  3461 | D:3      | Found a transporter.
  3965 | D:4      | Noticed Eustachio
  4044 | D:4      | Noticed Blork the orc
  4157 | D:4      | Found an opulent altar of Gozag.
  4555 | D:4      | Noticed a kobold brigand
  4596 | D:4      | Killed a kobold brigand
  4597 | D:4      | Reached XP level 6. HP: 12/33 MP: 1/11
  5131 | D:4      | Found a large runed translucent door.
  5131 | D:4      | Found a large runed translucent door.
  5138 | D:4      | Noticed paps's ghost (amateur OpDe)
  5143 | D:4      | Learned a level 2 spell: Searing Ray
  5291 | D:4      | Killed paps's ghost
  5292 | D:4      | Reached skill level 6 in Conjurations
  5435 | D:4      | Identified the +11 hand axe of Zealous Defiance {vorpal,
                  | rC+ rCorr}
  5595 | D:4      | Reached XP level 7. HP: 37/37 MP: 3/13
  5782 | D:4      | Killed Blork the orc
  6175 | D:5      | Entered Level 5 of the Dungeon
  6182 | D:5      | Identified the +2 ring mail of the Doldrums {rC+ Int+5}
  6197 | D:5      | Identified the +4 whip of Bodily Humours {holy, Drain
                  | Str+10}
  6221 | D:5      | Found a staircase to the Ecumenical Temple.
  6272 | Temple   | Entered the Ecumenical Temple
  6395 | Temple   | Became a worshipper of Dithmenos the Shadowed
  6455 | D:5      | Found an ornate altar of the Wu Jian Council.
  6807 | D:5      | Reached skill level 5 in Spellcasting
  7253 | D:5      | Reached skill level 7 in Conjurations
  7253 | D:5      | Reached XP level 8. HP: 42/42 MP: 7/16
  7675 | D:5      | Slain by a sky beast

Illustrated notes

Levels and vault maps discovered:
D:1:      dpeg_arrival_tiny_a, layout_rooms, basic_ecumenical_altar,
          chequers_arboretum
D:2:      layout_loops_corners, serial_shops, shop
D:3:      gammafunk_steamed_eel, layout_loops_corners
D:4:      kennysheep_kobold_camp, layout_basic, nicolae_gozag_seed_capital,
          ebering_ghost_disaster_area, serial_curves, eino_curves_04,
          eino_curves_03, uniq_blork_the_orc, uniq_eustachio
D:5:      layout_rooms, lemuel_coloured_pillars_altar, temple_pool_b
Temple:   eino_temple_scatter_basement

Skill      XL: |  1  2  3  4  5  6  7 |
---------------+----------------------+-----
Stealth        | 3 4 |  4.5
Conjurations   | 5 6 7 |  7.3
Spellcasting   | 3 4 5 |  5.8
Dodging        | 3 |  3.4
Fighting       | |  0.7
Axes           | |  0.3

Action                   |  1- 3 |  4- 6 |  7- 9 || total
-------------------------+-------+-------+-------++-------
Melee: Hand axe          |       |     1 |    11 ||    12
 Cast: Magic Dart        |    46 |   139 |    43 ||   228
       Searing Ray       |       |     4 |    13 ||    17
  Use: Potion            |       |     2 |     3 ||     5
Armor: Robe              |       |    10 |     3 ||    13
       Skin              |       |       |     7 ||     7
Dodge: Dodged            |     3 |    51 |    12 ||    66

Table legend: (Time is in decaauts)
 A = Elapsed time spent in this place.
 B = Non-inter-level travel time spent in this place.
 C = Inter-level travel time spent in this place.
 D = Time resting spent in this place.
 E = Time spent auto-exploring this place.
 F = Levels seen in this place.
 G = Mean time per level.
                   A        B        C        D        E       F      G
               +--------+--------+--------+--------+--------+-----+--------+
         Total |   7700 |   7247 |    453 |      0 |   6102 |   6 | 1283.3 |
       Dungeon |   7567 |   7122 |    445 |      0 |   6000 |   5 | 1513.4 |
        Temple |    132 |    124 |      8 |      0 |    102 |   1 |  132.0 |
               +--------+--------+--------+--------+--------+-----+--------+

Top non-repeatable levels by time:
     D:4: 2230 daAuts
     D:2: 1801 daAuts
     D:5: 1367 daAuts
     D:3: 1314 daAuts
     D:1: 853 daAuts
  Temple: 132 daAuts
